[Event "Titled Tuesday Blitz April 19 Early 2022"]
[White "Przybylski, Wojciech"]
[Black "Yeletsky, Ivan"]
[WhiteFideId "1117599"]
[BlackFideId "24180327"]
[WhiteElo "2133"]
[BlackElo "2319"]
[Result "0-1"]
[Round "03"]
[TimeControl "180+1"]
[Date "2022.04.19"]
[WhiteClock "0:00:01"]
[BlackClock "0:00:37"]

1. d4 f5 2. g4 fxg4 3. e4 d5 4. e5 c5 5. c3 Nc6 6. Bg2 Bf5 7. Ne2 e6 8. Ng3 Nge7 9. O-O h5 10. Bg5 Qd7 11. Bxe7 Nxe7 12. dxc5 Bg6 13. Ne2 Nf5 14. Nf4 Bf7 15. Re1 Bxc5 16. b4 Bb6 17. a4 O-O 18. a5 Bc7 19. h3 g3 20. fxg3 Nxg3 21. Kh2 Qe7 22. Qf3 h4 23. Qg4 g5 24. Nd2 Kh8 25. Nf3 gxf4 26. Qxf4 Nf5 27. Ng5 Rg8 28. Nf3 Rg3 29. Nd4 Rag8 30. Re2 Qg5 31. Qxg5 R8xg5 32. b5 Rxc3 33. b6 Bb8 34. Nf3 Rg3 35. Nd2 axb6 36. Nf1 Rg5 37. a6 Nd4 38. Rd2 Bxe5+ 0-1


[Site "https://www.chess.com"]

[Event "Titled Tuesday Blitz April 19 Early 2022"]
[White "Quirke, Jeffrey"]
[Black "Guz, Ari"]
[WhiteFideId "2013029"]
[BlackFideId "2825759"]
[WhiteElo "2192"]
[BlackElo "1913"]
[Result "0-1"]
[Round "03"]
[TimeControl "180+1"]
[Date "2022.04.19"]
[WhiteClock "0:00:01"]
[BlackClock "0:01:01"]

1. d4 d5 2. c4 c6 3. Nc3 Nf6 4. e3 g6 5. Nf3 Bg7 6. Bd3 O-O 7. O-O dxc4 8. Bxc4 b5 9. Be2 a6 10. Qc2 Bb7 11. Bd2 Nbd7 12. b4 Qc7 13. Rac1 e5 14. a4 exd4 15. Nxd4 c5 16. bxc5 Qxc5 17. axb5 axb5 18. Ncxb5 Qg5 19. g3 Ne4 20. Bb4 Rfc8 21. Qd1 Rxc1 22. Qxc1 Qd8 23. Bf3 Ne5 24. Bg2 Nd3 25. Qb1 Nxb4 26. Qxb4 Bd5 27. Nc3 Rb8 28. Ncb5 Ng5 29. Bxd5 Qxd5 30. h4 Ne4 31. Qa5 Be5 32. Qa6 Re8 0-1


[Site "https://www.chess.com"]

[Event "Titled Tuesday Blitz April 19 Early 2022"]
[White "Rabineau, Clement"]
[Black "Acosta Cruz, Oscar Yosimar"]
[WhiteFideId "628891"]
[BlackFideId "5111269"]
[WhiteElo "2237"]
[BlackElo "2147"]
[Result "0-1"]
[Round "03"]
[TimeControl "180+1"]
[Date "2022.04.19"]
[WhiteClock "0:00:13"]
[BlackClock "0:00:09"]

1. e4 c5 2. c3 Nf6 3. e5 Nd5 4. d4 cxd4 5. cxd4 d6 6. f4 Nc6 7. Nc3 e6 8. Nf3 Be7 9. a3 O-O 10. Bd3 b6 11. O-O Bb7 12. Kh1 Rc8 13. Qe2 g6 14. Ne4 dxe5 15. fxe5 Nc7 16. Bh6 Nxd4 17. Nxd4 Qxd4 18. Bxf8 Rxf8 19. Nf6+ Kg7 20. Rad1 Qh4 21. Be4 Ba6 22. Qf2 Qg5 23. Qf4 Qxf4 24. Rxf4 Rd8 25. Rxd8 Bxd8 26. Nxh7 Nd5 27. Bxd5 exd5 28. Nf6 Bc4 29. g4 Bc7 30. Nd7 Bb5 31. Kg2 Bxd7 32. Kf2 Bxe5 33. Ra4 a5 0-1


[Site "https://www.chess.com"]

[Event "Titled Tuesday Blitz April 19 Early 2022"]
[White "Ratnakaran, K."]
[Black "Visakh N R"]
[WhiteFideId "5005507"]
[BlackFideId "25012223"]
[WhiteElo "2407"]
[BlackElo "2448"]
[Result "0-1"]
[Round "03"]
[TimeControl "180+1"]
[Date "2022.04.19"]
[WhiteClock "0:01:13"]
[BlackClock "0:00:33"]

1. e4 c5 2. Nf3 d6 3. d4 cxd4 4. Nxd4 Nf6 5. Nc3 a6 6. a4 g6 7. Be2 Bg7 8. h4 h5 9. Bg5 Nc6 10. Nxc6 bxc6 11. Qd2 Rb8 12. Rb1 Qa5 13. O-O O-O 14. b4 Rxb4 15. Nd5 Nxd5 16. exd5 Rxa4 17. Qxa5 Rxa5 18. dxc6 Rc5 19. Rb6 Bf6 20. Bxf6 exf6 21. Bd3 Bf5 22. Bxa6 Rxc2 23. Rd1 Re8 24. Rxd6 Re1+ 25. Kh2 Be4 26. Kg3 Rg1 27. Kf4 Bxg2 28. Ke3 Re1+ 29. Kf4 Re4+ 30. Kg3 Rg4+ 31. Kh2 Bf3 32. c7 Rxc7 33. Rxf6 Bd5 34. f3 Rxh4+ 35. Kg2 Kg7 36. Kg3 Ra4 37. Rfd6 Be6 38. Bd3 h4+ 39. Kf2 Ra2+ 40. Ke3 Ra3 41. Kf4 Ra4+ 42. Be4 Bf5 43. Ra6 Rcc4 44. Rxa4 Rxa4 45. Rd2 Bxe4 46. fxe4 h3 47. Rh2 f5 48. Rxh3 Rxe4+ 49. Kf3 Kf6 50. Rh1 Ra4 51. Rb1 Ra3+ 52. Kf2 g5 0-1


[Site "https://www.chess.com"]

[Event "Titled Tuesday Blitz April 19 Early 2022"]
[White "Redor, Menandro"]
[Black "Todorovic, Bojan"]
[WhiteFideId "5222010"]
[BlackFideId "917087"]
[WhiteElo "1986"]
[BlackElo "2266"]
[Result "1-0"]
[Round "03"]
[TimeControl "180+1"]
[Date "2022.04.19"]
[WhiteClock "0:00:14"]
[BlackClock "0:00:03"]

1. c3 d5 2. d4 Nf6 3. Nf3 Bf5 4. Bg5 Nbd7 5. Nbd2 e6 6. e3 Be7 7. Be2 O-O 8. O-O h6 9. Bh4 c5 10. Re1 Qb6 11. b3 Qa5 12. c4 Rac8 13. a3 Qc3 14. cxd5 exd5 15. Ne5 cxd4 16. Nxd7 Bxd7 17. exd4 Qxd4 18. Nf3 Qxd1 19. Raxd1 Rfe8 20. Bf1 Bxa3 21. Bxf6 gxf6 22. Rxd5 Rxe1 23. Nxe1 Be6 24. Ra5 Bb4 25. Ra1 a5 26. Nd3 Bc3 27. Rb1 b5 28. Nf4 a4 29. Nxe6 fxe6 30. bxa4 bxa4 31. Rb6 a3 32. Ra6 Bb2 33. h3 Rc1 34. g4 Rc2 35. Kg2 Bd4 36. Bb5 Rxf2+ 37. Kg3 Rb2 38. Bc4 Kg7 39. Bxe6 Bc5 40. h4 Kf8 41. h5 Ke7 42. Kf3 Bd6 43. Ke4 Rb4+ 44. Kf5 Rf4+ 45. Kg6 Rf2 46. Ra4 a2 47. Bf5 Be5 48. Rxa2 Rxa2 49. Kxh6 Ra8 50. Kg7 Ra7 51. h6 Kd6+ 52. Kg6 Bf4 53. h7 Ra8 54. Kg7 Ke5 55. h8=Q Bg5 56. Qxa8 1-0


[Site "https://www.chess.com"]

[Event "Titled Tuesday Blitz April 19 Early 2022"]
[White "Rodchenkov, Vitaly"]
[Black "Warchol, Kamil"]
[WhiteFideId "4152964"]
[BlackFideId "21858241"]
[WhiteElo "2337"]
[BlackElo "1910"]
[Result "0-1"]
[Round "03"]
[TimeControl "180+1"]
[Date "2022.04.19"]
[WhiteClock "0:00:23"]
[BlackClock "0:00:59"]

1. Nf3 d5 2. d4 Nf6 3. g3 e6 4. Bg2 c5 5. c4 dxc4 6. O-O Nc6 7. dxc5 Qxd1 8. Rxd1 Bxc5 9. Na3 Bxa3 10. bxa3 O-O 11. Bb2 Nd5 12. Rac1 Bd7 13. Rxc4 Rfd8 14. Ne5 Nxe5 15. Bxe5 Bc6 16. Rcd4 Rd7 17. e4 Nb6 18. Rxd7 Nxd7 19. Bd6 Rd8 20. e5 Bxg2 21. Kxg2 Nxe5 22. Rd4 Nc6 23. Rd3 Rd7 24. Rd2 f6 25. Bf4 Rxd2 26. Bxd2 Kf7 27. f4 e5 28. Kf3 Ke6 29. Ke4 f5+ 30. Kd3 Kd5 31. fxe5 Nxe5+ 32. Ke2 Ke4 33. Bb4 g5 34. Bc5 b6 35. Bb4 f4 36. gxf4 gxf4 37. Be7 Nd3 38. Kd2 f3 39. Bh4 Ne5 40. h3 Nc4+ 41. Kc3 Nxa3 42. Kb3 Nb5 43. Kc4 Nd4 44. Kc3 Nf5 45. Bf2 h6 46. Kd2 Nd4 47. Kc3 Ne2+ 48. Kd2 Nf4 49. h4 Nh3 50. Bg3 b5 51. a3 a5 52. Ke1 b4 53. axb4 axb4 54. Kf1 b3 0-1


[Site "https://www.chess.com"]

[Event "Titled Tuesday Blitz April 19 Early 2022"]
[White "Rom, Jasper"]
[Black "Iskusnyh, Sergei"]
[WhiteFideId "2023733"]
[BlackFideId "4120027"]
[WhiteElo "2233"]
[BlackElo "2492"]
[Result "0-1"]
[Round "03"]
[TimeControl "180+1"]
[Date "2022.04.19"]
[WhiteClock "0:00:02"]
[BlackClock "0:01:12"]

1. e4 e6 2. d4 d5 3. Bd3 c5 4. exd5 exd5 5. Nf3 Nf6 6. O-O Nc6 7. Re1+ Be7 8. dxc5 O-O 9. Be3 Ng4 10. Qd2 Nxe3 11. Qxe3 Qa5 12. Nbd2 Bxc5 13. Qf4 Qb4 14. Qxb4 Nxb4 15. Nb3 Nxd3 16. cxd3 Bb4 17. Re5 Rd8 18. a3 Bd6 19. Re3 Bd7 20. Rae1 Kf8 21. Nfd4 Rac8 22. g3 g6 23. Kg2 h5 24. f4 Re8 25. Rxe8+ Bxe8 26. Re2 Ba4 0-1


[Site "https://www.chess.com"]

[Event "Titled Tuesday Blitz April 19 Early 2022"]
[White "Rudykh, Stepan"]
[Black "Namitbir Singh Walia"]
[WhiteFideId "4180321"]
[BlackFideId "35071068"]
[WhiteElo "2097"]
[BlackElo "1565"]
[Result "0-1"]
[Round "03"]
[TimeControl "180+1"]
[Date "2022.04.19"]
[WhiteClock "0:02:13"]
[BlackClock "0:01:03"]

1. e4 c5 2. Nf3 Nc6 3. d4 cxd4 4. Nxd4 g6 5. Nc3 Bg7 6. Be3 Nf6 7. Bc4 Qa5 8. O-O O-O 9. Bb3 d6 10. h3 Nd7 11. f4 Nc5 12. Nxc6 bxc6 13. Bd4 Qb6 14. Kh1 Ba6 15. Rf3 Bxd4 16. Qxd4 Nxb3 17. axb3 Qxd4 0-1


[Site "https://www.chess.com"]

[Event "Titled Tuesday Blitz April 19 Early 2022"]
[White "Rustemov, Alexander"]
[Black "Shohat, Yotam"]
[WhiteFideId "4119002"]
[BlackFideId "2813955"]
[WhiteElo "2768"]
[BlackElo "2119"]
[Result "1-0"]
[Round "03"]
[TimeControl "180+1"]
[Date "2022.04.19"]
[WhiteClock "0:00:20"]
[BlackClock "0:00:02"]

1. d4 Nf6 2. c4 g6 3. Nf3 Bg7 4. g3 O-O 5. Bg2 d6 6. Nc3 Nbd7 7. O-O e5 8. e4 c6 9. h3 Re8 10. Re1 exd4 11. Nxd4 Nc5 12. Bf4 Nh5 13. Be3 Nf6 14. Qc2 Nfd7 15. Rad1 h5 16. f4 Qe7 17. Bf2 Qf8 18. Nb3 a5 19. Nxc5 Nxc5 20. Bd4 Be6 21. b3 a4 22. Bxg7 Qxg7 23. Rxd6 axb3 24. axb3 Ra3 25. Rb1 Bxc4 26. e5 Rxb3 27. Rbd1 Qf8 28. Qd2 Be6 29. Qd4 Na6 30. Ne4 Kg7 31. g4 hxg4 32. hxg4 Rb4 33. Qc3 Rc4 34. Qa1 Qh8 35. f5 gxf5 36. gxf5 Bxf5 37. e6+ Kg6 38. exf7+ Kxf7 39. Rf6+ Kg8 40. Rxf5 Qxa1 41. Rxa1 Rcxe4 42. Bxe4 Rxe4 43. Kf2 Rg4 44. Rb1 b5 45. Rf6 Nb4 46. Kf3 Nd5 47. Rxc6 Rc4 48. Rd6 Nc3 49. Re1 Kf7 50. Rb6 b4 51. Rh1 Ke7 52. Rh7+ Kd8 53. Rb8+ Rc8 54. Rh8+ Kd7 55. Rhxc8 Nd5 56. Rd8+ Kc6 57. Rxd5 1-0


[Site "https://www.chess.com"]

[Event "Titled Tuesday Blitz April 19 Early 2022"]
[White "Saksham, Rautela"]
[Black "Meshkovs, Nikita"]
[WhiteFideId "35046977"]
[BlackFideId "11602740"]
[WhiteElo "1990"]
[BlackElo "2506"]
[Result "0-1"]
[Round "03"]
[TimeControl "180+1"]
[Date "2022.04.19"]
[WhiteClock "0:00:06"]
[BlackClock "0:00:20"]

1. e4 c5 2. Nf3 Nc6 3. Bb5 g6 4. O-O Bg7 5. Re1 e5 6. c3 Nge7 7. d3 O-O 8. Nbd2 a6 9. Ba4 d6 10. Nf1 h6 11. Be3 b5 12. Bb3 Rb8 13. d4 exd4 14. cxd4 c4 15. Bc2 Bg4 16. Qd2 Bxf3 17. gxf3 Qd7 18. Kg2 d5 19. Ng3 dxe4 20. Bxe4 Rbd8 21. Rad1 Kh7 22. Ne2 f5 23. Bb1 Nd5 24. Nf4 Rfe8 25. Nxd5 Qxd5 26. Bf4 Nxd4 27. Re3 Ne6 28. Rxe6 Qxe6 29. Qxd8 Rxd8 30. Rxd8 Bxb2 31. Ra8 Bd4 32. Rb8 Qe1 33. Rb7+ Kg8 0-1


[Site "https://www.chess.com"]

[Event "Titled Tuesday Blitz April 19 Early 2022"]
[White "Salem, A.R. Saleh"]
[Black "Karas, Marek"]
[WhiteFideId "9301348"]
[BlackFideId "14928558"]
[WhiteElo "2657"]
[BlackElo "2271"]
[Result "1-0"]
[Round "03"]
[TimeControl "180+1"]
[Date "2022.04.19"]
[WhiteClock "0:02:20"]
[BlackClock "0:00:26"]

1. Nf3 Nf6 2. c4 b6 3. g3 Bb7 4. Bg2 e6 5. O-O Be7 6. d4 O-O 7. Re1 d5 8. cxd5 exd5 9. Nc3 Nbd7 10. Bf4 Re8 11. Nb5 Rc8 12. Nxa7 Ra8 13. Nb5 Rc8 14. Rc1 c6 15. Na7 Ra8 16. Nxc6 Bxc6 17. Rxc6 Rxa2 18. Qb3 Ra8 19. Rec1 Bf8 20. Ne5 Ne4 21. Bxe4 Nxe5 22. Bxh7+ Kxh7 23. dxe5 g5 24. Qd3+ Kg7 25. Be3 Re6 26. Qf5 1-0


[Site "https://www.chess.com"]

[Event "Titled Tuesday Blitz April 19 Early 2022"]
[White "Samsonkin, Artiom"]
[Black "Svane, Rasmus"]
[WhiteFideId "13503111"]
[BlackFideId "4657101"]
[WhiteElo "2513"]
[BlackElo "2645"]
[Result "0-1"]
[Round "03"]
[TimeControl "180+1"]
[Date "2022.04.19"]
[WhiteClock "0:00:08"]
[BlackClock "0:00:19"]

1. e4 c6 2. d4 d5 3. e5 Bf5 4. h4 h5 5. Bd3 Bxd3 6. Qxd3 Qa5+ 7. Nc3 e6 8. Bg5 Qa6 9. Qd2 c5 10. Nf3 Nc6 11. Ne2 Nh6 12. O-O Nf5 13. c3 cxd4 14. Nexd4 Nfxd4 15. cxd4 Bb4 16. Qd1 Rc8 17. a3 Ba5 18. Rc1 Bb6 19. Be3 Qb5 20. b3 Qa5 21. Ra1 Ne7 22. Bd2 Qa6 23. Bb4 Nc6 24. Bd6 Bc7 25. Bxc7 Rxc7 26. Qd2 Qb6 27. Qe3 Ne7 28. Rac1 O-O 29. Rxc7 Qxc7 30. Rc1 Qd7 31. Ng5 Nf5 32. Qe2 g6 33. Nf3 Rc8 34. Qd2 Rc6 35. Kh2 Qc7 36. Rxc6 Qxc6 37. Qg5 Qb6 38. Qf6 a5 39. g4 hxg4 40. Ng5 Qc7 41. h5 gxh5 42. b4 axb4 43. axb4 Qe7 0-1


[Site "https://www.chess.com"]

[Event "Titled Tuesday Blitz April 19 Early 2022"]
[White "Sanal, Vahap"]
[Black "Kim, Sergey"]
[WhiteFideId "6300545"]
[BlackFideId "13700570"]
[WhiteElo "2603"]
[BlackElo "2590"]
[Result "1-0"]
[Round "03"]
[TimeControl "180+1"]
[Date "2022.04.19"]
[WhiteClock "0:00:07"]
[BlackClock "0:00:12"]

1. e4 e5 2. Nf3 Nc6 3. Bb5 a6 4. Ba4 Nf6 5. O-O b5 6. Bb3 Bc5 7. Nc3 d6 8. Nd5 h6 9. c3 Ba7 10. d4 O-O 11. Nxf6+ Qxf6 12. a4 bxa4 13. Bd5 Bd7 14. Rxa4 Bb6 15. Be3 exd4 16. cxd4 a5 17. Rc4 Nb4 18. Bxa8 Rxa8 19. Re1 Bb5 20. Rc3 Na2 21. Ra3 Nb4 22. h3 Re8 23. Qb1 Qg6 24. Bf4 Qf6 25. Be3 Qg6 26. Bd2 Bc6 27. d5 Bd7 28. Nh2 Qf6 29. Be3 Qg6 30. Bxb6 cxb6 31. Rg3 Qf6 32. Ng4 Bxg4 33. hxg4 Rc8 34. Rc1 Re8 35. Re1 Qe5 36. Qc1 Qd4 37. Qc3 Qc5 38. Qxc5 bxc5 39. Kf1 Nc2 40. Rc1 Nd4 41. Re3 f6 42. f3 Rb8 43. Rb1 a4 44. Kf2 Rb4 45. Ra3 Nc2 46. Ra2 Nd4 47. Rba1 Nc2 48. Rd1 Nd4 49. Rd3 Nc2 50. Rc3 Kf7 51. Rxc2 c4 52. Rc3 Kg6 53. Rca3 Kg5 54. Rxa4 1-0


[Site "https://www.chess.com"]

[Event "Titled Tuesday Blitz April 19 Early 2022"]
[White "Sanchez Alvares, Kelvin Antonio"]
[Black "Dwilewicz, Katarzyna"]
[WhiteFideId "3906680"]
[BlackFideId "1148486"]
[WhiteElo "2193"]
[BlackElo "1907"]
[Result "1-0"]
[Round "03"]
[TimeControl "180+1"]
[Date "2022.04.19"]
[WhiteClock "0:00:17"]
[BlackClock "0:00:05"]

1. e4 c5 2. Nf3 d6 3. d4 cxd4 4. Nxd4 Nf6 5. Nc3 a6 6. f3 e5 7. Nb3 Be6 8. Be3 Be7 9. Qd2 O-O 10. Nd5 Nxd5 11. exd5 Bf5 12. Be2 Nd7 13. O-O Rc8 14. c4 Bg6 15. Na5 Qc7 16. b4 f5 17. Rac1 f4 18. Bf2 Bd8 19. Rfd1 b6 20. Nc6 Nb8 21. c5 bxc5 22. bxc5 Nxc6 23. dxc6 dxc5 24. Bxa6 Rb8 25. Bxc5 Rf6 26. Bb7 Be8 27. Bd6 Qb6+ 28. Bc5 Qc7 29. Bd6 Qb6+ 30. Qf2 Rxd6 31. Rxd6 Qxf2+ 32. Kxf2 Bc7 33. Rdd1 Kf7 34. a4 Ke7 35. Ra1 Ba5 36. Rd5 Bc3 37. Re1 Bxc6 38. Bxc6 Bxe1+ 39. Kxe1 Ke6 40. Rd2 Rb6 41. Bb5 Rb8 42. Ke2 Ra8 43. Ra2 Ra5 44. Bd3 g5 45. Bxh7 Kd5 46. Bd3 Kd4 47. Bb5 Kc3 48. Rd2 Kb4 49. Rd5 g4 50. Rxe5 gxf3+ 51. Kxf3 Ra8 52. Kxf4 Rf8+ 53. Rf5 1-0


[Site "https://www.chess.com"]

[Event "Titled Tuesday Blitz April 19 Early 2022"]
[White "Sanchez, Robert"]
[Black "Winkels, Marcel"]
[WhiteFideId "2034360"]
[BlackFideId "1003887"]
[WhiteElo "2382"]
[BlackElo "1900"]
[Result "1-0"]
[Round "03"]
[TimeControl "180+1"]
[Date "2022.04.19"]
[WhiteClock "0:00:58"]
[BlackClock "0:00:11"]

1. e4 d5 2. exd5 Qxd5 3. Nc3 Qd6 4. Nf3 Nf6 5. Be2 a6 6. O-O b5 7. d4 Bb7 8. Ne5 Nbd7 9. Bf4 Nxe5 10. Bxe5 Qd7 11. Bxf6 gxf6 12. Bf3 O-O-O 13. d5 b4 14. Ne4 Qxd5 15. Qe2 Qb5 16. Qe3 f5 17. Ng5 Qc4 18. Bxb7+ Kxb7 19. b3 Qd5 20. c4 bxc3 21. Qxc3 h6 22. Qxh8 hxg5 23. h3 e6 24. Rad1 Qxd1 25. Rxd1 Rxd1+ 26. Kh2 Bd6+ 27. g3 f4 28. Qc3 fxg3+ 29. fxg3 f5 30. Kg2 f4 31. gxf4 gxf4 32. Qf3+ Rd5 33. h4 Kc6 34. h5 Kd7 35. h6 Be5 36. h7 Bh8 37. Qxf4 e5 38. Qf7+ Kd6 39. Qf8+ 1-0


[Site "https://www.chess.com"]

[Event "Titled Tuesday Blitz April 19 Early 2022"]
[White "Sapunov, Evgeny"]
[Black "Al-Tarboush, Ward"]
[WhiteFideId "4126661"]
[BlackFideId "7601450"]
[WhiteElo "2470"]
[BlackElo "2276"]
[Result "0-1"]
[Round "03"]
[TimeControl "180+1"]
[Date "2022.04.19"]
[WhiteClock "0:00:10"]
[BlackClock "0:00:17"]

1. c4 c5 2. Nf3 Nc6 3. Nc3 e5 4. e3 Nf6 5. d4 e4 6. Nd2 cxd4 7. exd4 Bb4 8. Nb3 O-O 9. Bf4 d5 10. c5 Bg4 11. Qd2 Re8 12. Bb5 a6 13. Bxc6 bxc6 14. O-O Nh5 15. Be3 Qf6 16. h3 Bd7 17. a3 Bxc3 18. bxc3 Qg6 19. Kh2 f5 20. Rab1 h6 21. Na5 Qf6 22. Bf4 g5 23. Bd6 f4 24. Rb7 Qe6 25. c4 f3 26. cxd5 cxd5 27. g4 Nf6 28. Rg1 e3 29. Qd3 Ne4 30. Qxe3 Bb5 31. Rc7 Qf6 32. Qc1 Qxd4 33. Bg3 Nxg3 34. fxg3 Qf2+ 35. Kh1 Re2 0-1


[Site "https://www.chess.com"]

[Event "Titled Tuesday Blitz April 19 Early 2022"]
[White "Seemann, Jakub"]
[Black "Kamsky, Gata"]
[WhiteFideId "21874697"]
[BlackFideId "2000024"]
[WhiteElo "2003"]
[BlackElo "2645"]
[Result "1/2-1/2"]
[Round "03"]
[TimeControl "180+1"]
[Date "2022.04.19"]
[WhiteClock "0:01:18"]
[BlackClock "0:00:29"]

1. d4 Nf6 2. c4 e6 3. Nf3 b6 4. g3 Bb7 5. Bg2 Bb4+ 6. Bd2 Bxd2+ 7. Qxd2 d6 8. O-O Nbd7 9. Nc3 Ne4 10. Nxe4 Bxe4 11. Qf4 Nf6 12. Rfd1 O-O 13. Rac1 Qe7 14. h4 Rad8 15. g4 Ba8 16. g5 Nh5 17. Qg4 g6 18. e3 f5 19. gxf6 Qxf6 20. d5 e5 21. Rf1 Bb7 22. Nd2 Bc8 23. Qg5 Qg7 24. Bf3 h6 25. Qg2 Nf6 26. Ne4 Bf5 1/2-1/2


[Site "https://www.chess.com"]

[Event "Titled Tuesday Blitz April 19 Early 2022"]
[White "Seo, Jung Min"]
[Black "Sarana, Alexey"]
[WhiteFideId "1734687"]
[BlackFideId "24133795"]
[WhiteElo "2401"]
[BlackElo "2666"]
[Result "1-0"]
[Round "03"]
[TimeControl "180+1"]
[Date "2022.04.19"]
[WhiteClock "0:00:50"]
[BlackClock "0:00:03"]

1. d4 Nf6 2. c4 e6 3. Nf3 d5 4. Nc3 Nbd7 5. cxd5 exd5 6. Bg5 c6 7. e3 h6 8. Bh4 g5 9. Bg3 Nh5 10. Be5 Nhf6 11. Bg3 Ne4 12. Nxe4 dxe4 13. Nd2 Qe7 14. h4 Rg8 15. hxg5 hxg5 16. a3 Nf6 17. Be2 Bf5 18. Rc1 Qd7 19. Nc4 Be7 20. Ne5 Qd8 21. Bc4 Nd5 22. Qh5 Be6 23. Qh7 Rf8 24. Qxe4 Qb6 25. Qc2 O-O-O 26. Nd3 Rh8 27. Rf1 Qa5+ 28. Qd2 Qa4 29. Ba2 Nxe3 30. Bxe6+ fxe6 31. fxe3 g4 32. Qc2 Qa5+ 33. Ke2 Qd5 34. Nf4 Qb5+ 35. Kf2 Rdf8 36. b4 Bd6 37. Qc4 Qf5 38. Ke2 Qe4 39. Qd3 Qxd3+ 40. Kxd3 e5 41. Ne2 Re8 42. dxe5 Bxe5 43. Bxe5 Rxe5 44. Nd4 Rhe8 45. Rce1 a5 46. Rf4 axb4 47. axb4 Rg8 48. Ref1 Kc7 49. Rf8 Rgg5 50. R1f5 Kb6 51. Rxg5 Rxg5 52. Rf5 Rg8 53. e4 Ra8 54. e5 Ra3+ 55. Ke4 Rg3 56. Rf2 Kc7 57. Ne6+ Kd7 58. Nc5+ Ke7 59. e6 Kd6 60. Rd2+ Ke7 61. Rd7+ Kf6 62. Rf7+ Kg6 63. Rf2 1-0


[Site "https://www.chess.com"]

[Event "Titled Tuesday Blitz April 19 Early 2022"]
[White "Shandrygin, Nikita"]
[Black "Mikhailovsky, Vladimir"]
[WhiteFideId "24198668"]
[BlackFideId "34105414"]
[WhiteElo "2323"]
[BlackElo "2349"]
[Result "0-1"]
[Round "03"]
[TimeControl "180+1"]
[Date "2022.04.19"]
[WhiteClock "0:00:15"]
[BlackClock "0:00:18"]

1. Nf3 d5 2. g3 Nd7 3. d4 Ngf6 4. Bg2 Nb6 5. O-O Bf5 6. Ne5 e6 7. c4 c6 8. Nc3 Be7 9. e3 O-O 10. Qe2 dxc4 11. Nxc4 c5 12. dxc5 Bd3 13. Rd1 Bxe2 14. Rxd8 Raxd8 15. Nxb6 axb6 16. Nxe2 Rd1+ 17. Bf1 bxc5 18. Nc3 Rdd8 19. e4 Nd7 20. Be3 Bf6 21. Rd1 Bxc3 22. bxc3 b6 23. Rd6 Rfe8 24. Bb5 Nf6 25. Rxb6 Rb8 26. Rxb8 Rxb8 27. c4 Nxe4 28. f3 Nc3 29. a4 Ra8 30. Bc6 Ra6 31. Bb5 Nxb5 32. axb5 Ra4 33. Bxc5 Rxc4 34. Be3 Rc3 35. Kf2 Rb3 36. b6 Rb2+ 37. Ke1 Rxh2 38. Bf2 Rh1+ 39. Kd2 Rb1 40. Kc2 Rb5 41. Kc3 Kf8 42. Kc4 Rb1 43. Kc5 Ke8 44. Kc6 Rc1+ 45. Bc5 Kd8 46. b7 Rxc5+ 47. Kxc5 Kc7 48. b8=Q+ Kxb8 49. Kd6 g5 50. Ke7 h5 51. Kxf7 h4 52. gxh4 gxh4 53. Kxe6 h3 54. f4 h2 55. f5 h1=Q 56. f6 Qe4+ 57. Kf7 Kc7 58. Kg7 Kd7 59. f7 Qg4+ 60. Kh8 Ke7 0-1


[Site "https://www.chess.com"]

[Event "Titled Tuesday Blitz April 19 Early 2022"]
[White "Sharafiev, Azat"]
[Black "Gatterer, Florian"]
[WhiteFideId "4186214"]
[BlackFideId "811688"]
[WhiteElo "2299"]
[BlackElo "2218"]
[Result "1-0"]
[Round "03"]
[TimeControl "180+1"]
[Date "2022.04.19"]
[WhiteClock "0:01:31"]
[BlackClock "0:00:13"]

1. d4 e6 2. e4 d5 3. Nc3 Nf6 4. e5 Nfd7 5. f4 c5 6. Nf3 Nc6 7. Be3 a6 8. Be2 b5 9. O-O b4 10. Na4 cxd4 11. Nxd4 Nxd4 12. Bxd4 g6 13. Bd3 Be7 14. Kh1 a5 15. Qe2 O-O 16. g4 f5 17. exf6 Nxf6 18. Nb6 Rb8 19. Nxc8 Qxc8 20. Rae1 Ne4 21. Bxe4 dxe4 22. Qxe4 e5 23. Qd5+ Kg7 24. Qxe5+ Bf6 25. Qe7+ Kg8 26. Bxf6 Qc6+ 27. Kg1 Rxf6 28. Qe4 Qb6+ 29. Qe3 Qc6 30. Rf2 Rbf8 31. Qe5 Qd7 32. h3 Qf7 33. Qxa5 Rxf4 34. Rxf4 Qxf4 35. Qd5+ Rf7 36. Re8+ Kg7 37. Qe5+ Qxe5 38. Rxe5 Rf3 39. Kg2 Rg3+ 40. Kxg3 1-0


[Site "https://www.chess.com"]

[Event "Titled Tuesday Blitz April 19 Early 2022"]
[White "Shimelkov, Vasiliy"]
[Black "Valle Maytin, Luis Enrique"]
[WhiteFideId "13701630"]
[BlackFideId "3503666"]
[WhiteElo "2073"]
[BlackElo "2304"]
[Result "1-0"]
[Round "03"]
[TimeControl "180+1"]
[Date "2022.04.19"]
[WhiteClock "0:00:47"]
[BlackClock "0:00:08"]

1. d4 Nf6 2. Nf3 e6 3. c4 c5 4. d5 exd5 5. cxd5 d6 6. Nc3 Be7 7. h3 O-O 8. e4 Re8 9. Bd3 Nbd7 10. O-O a6 11. a4 Rb8 12. Bf4 Nf8 13. Nd2 Ng6 14. Bh2 Bd7 15. Nc4 Qc7 16. a5 Bb5 17. Ne3 Bxd3 18. Qxd3 Nd7 19. Nf5 Nge5 20. Qc2 Bf8 21. Rfd1 b5 22. axb6 Rxb6 23. Na4 Rb4 24. f4 Ng6 25. Re1 Nb6 26. Kh1 Nxa4 27. Rxa4 Rb6 28. Ne3 Qb7 29. Nc4 Rb4 30. Rxb4 cxb4 31. b3 f5 32. e5 Qxd5 33. Rd1 Qc5 34. Qxf5 dxe5 35. fxe5 Be7 36. Qe6+ Kh8 37. Nd6 Rf8 38. Nf7+ Rxf7 39. Qxf7 Bf8 40. e6 Qe7 41. Qxe7 Bxe7 42. Bd6 Bf6 43. Re1 Ne7 44. Bxe7 Bxe7 45. Rf1 Kg8 46. Rf7 Bc5 47. Rc7 Bd6 48. Rc8+ 1-0


[Site "https://www.chess.com"]

[Event "Titled Tuesday Blitz April 19 Early 2022"]
[White "Shuvalov, Evgenij"]
[Black "Jobava, Baadur"]
[WhiteFideId "4187237"]
[BlackFideId "13601520"]
[WhiteElo "2130"]
[BlackElo "2617"]
[Result "0-1"]
[Round "03"]
[TimeControl "180+1"]
[Date "2022.04.19"]
[WhiteClock "0:01:22"]
[BlackClock "0:02:34"]

1. Nf3 d5 2. c4 c6 3. g3 Nf6 4. Bg2 Bf5 5. cxd5 cxd5 6. Qb3 Nbd7 7. Qxb7 Nc5 8. Qb5+ Bd7 9. Qb4 e5 10. O-O Rb8 11. Qc3 d4 12. Qc2 e4 13. Nxd4 Ba4 14. Qc3 Nd5 15. Qc4 Rb4 16. Qa6 Nxa6 0-1


[Site "https://www.chess.com"]

[Event "Titled Tuesday Blitz April 19 Early 2022"]
[White "Sjoberg, Isak"]
[Black "Wagner, Dennis"]
[WhiteFideId "1521640"]
[BlackFideId "24650684"]
[WhiteElo "2016"]
[BlackElo "2355"]
[Result "0-1"]
[Round "03"]
[TimeControl "180+1"]
[Date "2022.04.19"]
[WhiteClock "0:00:11"]
[BlackClock "0:00:13"]

1. e4 c5 2. Nf3 d6 3. d4 cxd4 4. Nxd4 Nf6 5. Nc3 Nc6 6. f3 e5 7. Nb3 Be6 8. Be3 Be7 9. Qe2 a5 10. a4 Nb4 11. O-O-O O-O 12. Qb5 Nd7 13. Kb1 Qc7 14. Rd2 Rfc8 15. Be2 h6 16. Rc1 f5 17. exf5 Bxf5 18. Nd5 Nxd5 19. Qxd5+ Kh8 20. Qf7 Nf6 21. g4 Bh7 22. g5 hxg5 23. Bd3 Rf8 24. Qe6 Qc8 25. Qxc8 Raxc8 26. Bxg5 b6 27. Bxh7 Kxh7 28. Be3 Rc6 29. Rg1 Nh5 30. Rf2 d5 31. Bg5 Bd6 32. Rg4 Rf5 33. Bd8 Bc7 34. Be7 Re6 35. Rg5 Rxg5 36. Bxg5 Re8 37. Rd2 d4 38. c3 dxc3 39. bxc3 Rf8 40. Rd3 Kg6 41. h4 Nf4 42. Rd7 Rf7 43. Rxf7 Kxf7 44. Bxf4 exf4 45. Nd4 g6 46. Kc2 Bd8 47. Kd3 Bxh4 48. Ke4 Bg3 49. Ne2 g5 50. Kf5 Bh4 51. Nd4 Ke7 52. Nb5 Kd7 53. Ke5 Kc6 54. Na7+ Kc5 55. Nc8 Bf2 56. Kf5 b5 57. axb5 a4 58. b6 Kc6 59. b7 Kxb7 60. Nd6+ Kc6 61. Nc4 Kd5 62. Na3 Bc5 63. Nc2 Kc4 64. Kxg5 Kxc3 65. Na1 Kb2 66. Kxf4 Kxa1 67. Ke5 Kb2 68. f4 a3 69. f5 a2 70. Ke6 a1=Q 71. f6 Qa6+ 72. Kf7 Bd4 73. Kg7 Qxf6+ 74. Kg8 Qg7# 0-1


[Site "https://www.chess.com"]